 Dungeon Crawl Stone Soup version 0.31-a0-216-g22e908daa7 (webtiles) character file.

Game seed: 2850371580064593632

116 qw the Shooter (level 5, -4/31 HPs)
             Began as a Gargoyle Hexslinger on July 1, 2023.
             Killed from afar by an orc wizard (5 damage)
             ... with a magic dart
             ... on level 3 of the Dungeon.
             The game lasted 00:00:58 (2752 turns).

qw the Shooter (Gargoyle Hexslinger)                Turns: 2752, Time: 00:00:59

Health: -4/31      AC:  7    Str: 11    XL:     5   Next: 0%
Magic:  6/6        EV: 11    Int: 20    God:
Gold:   137        SH:  0    Dex: 14    Spells: 5/6 levels left

rFire   . . .        Y - +2 sling
rCold   x . .        (no shield)
rNeg    + + .        b - +0 leather armour
rPois   inf          (no helmet)
rElec   +            (no cloak)
rCorr   +            (no gloves)
SInv    .            (no boots)
Will    +++..        (no amulet)
Stlth   +            f - ring of positive energy
HPRegen 0.25/turn    q - ring "Fuetoff" {rPois rC- Will+++ rCorr Int+6}
MPRegen 0.10/turn

%: no passive effects
@: no status effects
A: sickness immunity, AC +4, negative energy resistance 1, electricity
resistance, torment resistance 1, petrification resistance
a: no special abilities


You were on level 3 of the Dungeon.
You visited 1 branch of the dungeon, and saw 4 of its levels.

You collected 137 gold pieces.


Innate Abilities, Weirdness & Mutations

You are immune to sickness and miasma.
Your stone body is resilient. (AC +4)
You are immune to poison.
You resist negative energy. (rN+)
You are resistant to electric shocks. (rElec)
You are resistant to unholy torment.
You are immune to petrification.


   Skills:
 - Level 2.3 Fighting
 + Level 4.5 Ranged Weapons
 - Level 1.5 Dodging
 - Level 1.0 Spellcasting
 - Level 2.6 Hexes


You had 5 spell levels left.
You knew the following spells:

 Your Spells              Type           Power      Damage    Failure   Level
a - Slow                  Hex            44%        N/A       8%          1

Your spell library contained the following spells:

 Spells                   Type           Power      Damage    Failure   Level
 Inner Flame              Hex/Fire       6%         N/A       36%         3
 Portal Projectile        Hex/Tloc       12%        N/A       36%         3
 Cause Fear               Hex            5%         N/A       58%         4

Inventory:

Hand Weapons
 Y - a +2 sling (weapon)
Armour
 b - a +0 leather armour (worn)
 m - a +0 cloak
 n - a +2 pair of boots
 r - a +0 helmet
Jewellery
 a - the amulet of Moderation {Acrobat +Blink}
   (You acquired it on level 1 of the Dungeon)

   [amulet of the acrobat]

   It increases your evasion while moving and waiting.
   +Blink:    It lets you blink.
 d - an amulet of faith
 f - a ring of positive energy (left hand)
 o - an amulet of guardian spirit
 q - the ring "Fuetoff" (right hand) {rPois rC- Will+++ rCorr Int+6}
   (You acquired it on level 3 of the Dungeon)

   [ring of intelligence]

   Int:       It affects your intelligence (+6).
   rC:        It makes you vulnerable to cold.
   rPois:     It protects you from poison.
   rCorr:     It protects you from acid and corrosion.
   Will:      It greatly increases your willpower.
Scrolls
 l - a scroll of identify
Potions
 g - a potion of ambrosia {unknown}
 h - a potion of enlightenment
 i - a potion of heal wounds {unknown}
 j - a potion of lignification {unknown}
 k - a potion of degeneration {unknown}

Dungeon Overview and Level Annotations

Branches:
Dungeon (4/15)
 Temple: D:4-7

Altars:

Shops:
D:1 :


Message History

You shoot a sling bullet.
The sling bullet closely misses the orc wizard.
An orc comes into view. It is wielding a +0 hand axe.
You shoot a sling bullet. The orc shouts!
The sling bullet hits the orc wizard.
The orc wizard is severely wounded.
The orc hits you but does no damage. The orc wizard barely misses you.
You shoot a sling bullet. The sling bullet hits the orc wizard.
The orc wizard is almost dead.
The orc wizard hits you but does no damage.
The orc hits you with a +0 flail.
2748 ||| STAIRDANCE The orc wizard casts a spell.
The orc wizard flickers and vanishes!
Deactivating autopickup; reactivate with Ctrl-A.
The orc closely misses you.
You climb upwards.
Reactivating autopickup.
There is a stone staircase leading down here.
You shoot a sling bullet. The sling bullet hits the orc.
The orc is almost dead.
You hear some strange, mumbled words.
A puff of flame appears from out of thin air!
Deactivating autopickup; reactivate with Ctrl-A.
The puff of flame hits you. The orc hits you with a +0 flail!
You shoot a sling bullet. The sling bullet hits the orc!
You kill the orc!
You hear some strange, mumbled words.
A puff of flame appears from out of thin air!
The puff of flame hits you.
You have reached level 5!
You shoot a sling bullet.
You hear some strange, mumbled words.
A puff of flame appears from out of thin air!
The puff of flame hits you.
You hear some strange, mumbled words.
A magic dart appears from out of thin air!
The magic dart hits you.
You die...

...##### #.##.#....# .......###
#.##.####.############ ..####...#
#.##..................
..######.###.#######.############
..'..............................
..####....##.###.....############
..####.......#...............# #
+###..........)#)###########.# #
..##.########...@..........#.####
..##.#########.#{................
...%%).......#.#............#####
.............#.#............#
...........[.#.#............#
.............#.#............#
.............#.#............#
.............#.#............#
#............#.#........[...#


There were no monsters in sight!

Vanquished Creatures
  5 adders
  A worm (D:3)
  3 dart slugs
  An orc (D:3)
  6 ball pythons
  A bat (D:3)
  2 endoplasms (D:1)
  4 giant cockroaches
  8 goblins
  7 hobgoblins
  A quokka (D:2)
  3 frilled lizards (D:2)
  10 kobolds
  3 rats (D:2)
55 creatures vanquished.

Notes
Turn   | Place    | Note
-------+----------+-------------------------------------------
     0 | D:1      | qw the Gargoyle Hexslinger began the quest for the Orb.
     0 | D:1      | Reached XP level 1. HP: 12/12 MP: 2/2
     0 | D:1      | 0 ||| qw: Version: 0.3-a-35-g05ef00e
     0 | D:1      | 0 ||| qw: Game counter: 7752
     0 | D:1      | 0 ||| qw: Melee chars always use a shield: true
     0 | D:1      | 0 ||| qw: God list: Okawaru
     0 | D:1      | 0 ||| qw: Allow faded altars: false
     0 | D:1      | 0 ||| qw: Do Orc after clearing Dungeon:15 true
     0 | D:1      | 0 ||| qw: Do second Lair branch before Depths: true
     0 | D:1      | 0 ||| qw: Lair rune preference: random
     0 | D:1      | 0 ||| qw: Goals: Normal
     0 | D:1      | 0 ||| PLANNING D:1-11
    22 | D:1      | Found Fuwano's Book Boutique.
   125 | D:1      | Reached XP level 2. HP: 16/16 MP: 3/3
   213 | D:1      | Reached skill level 3 in Ranged Weapons
   630 | D:1      | 630 ||| UPGRADING to ring of positive energy.
   631 | D:1      | 631 ||| READING scroll labelled ARAICL LIRPHEAS.
   632 | D:1      | 632 ||| READING scroll labelled NUCLEE AQUE.
   633 | D:1      | 633 ||| READING scroll labelled NEJ UWEHIKEOL.
   634 | D:1      | 634 ||| READING scroll labelled XAITEY TESO.
   634 | D:1      | Identified a scroll of acquirement
   634 | D:1      | 634 ||| ACQUIRING amulet of Moderation {Acrobat +Blink}
   634 | D:1      | Acquired the amulet of Moderation {Acrobat +Blink}
   636 | D:1      | 636 ||| DROPPING scroll of poison.
   767 | D:2      | Reached XP level 3. HP: 18/22 MP: 4/4
   942 | D:2      | Found a faded altar of an unknown god.
  1346 | D:2      | Reached XP level 4. HP: 27/27 MP: 5/5
  1562 | D:2      | 1562 ||| UPGRADING to +0 leather armour.
  1572 | D:2      | 1572 ||| DROPPING +0 robe.
  1573 | D:2      | 1573 ||| READING scroll labelled PATAUKHLU YSUNO.
  1574 | D:2      | 1574 ||| READING scroll labelled LITOMA TESM.
  1575 | D:2      | 1575 ||| DRINKING 2 green potions.
  1679 | D:3      | Reached skill level 4 in Ranged Weapons
  1964 | D:3      | 1964 ||| FLEEEEING.
  1965 | D:3      | 1965 ||| FLEEEEING.
  2044 | D:3      | 2044 ||| READING scroll of acquirement.
  2044 | D:3      | 2044 ||| ACQUIRING ring "Fuetoff" {rPois rC- Will+++ rCorr
                  | Int+6}
  2044 | D:3      | Acquired the ring "Fuetoff" {rPois rC- Will+++ rCorr Int+6}
  2046 | D:3      | 2046 ||| UPGRADING to ring "Fuetoff" {rPois rC- Will+++
                  | rCorr Int+6}.
  2589 | D:3      | 2589 ||| READING scroll labelled ZIADAF UCUSH.
  2590 | D:3      | 2590 ||| READING scroll labelled GIUPLY HEZERODEHOCH.
  2591 | D:3      | 2591 ||| DRINKING 2 fuming black potions.
  2696 | D:3      | 2696 ||| READING 2 scrolls of identify.
  2696 | D:3      | 2696 ||| IDENTIFYING metallic green potion
  2697 | D:3      | 2697 ||| DROPPING potion of magic.
  2698 | D:3      | 2698 ||| DROPPING potion of berserk rage.
  2748 | D:4      | 2748 ||| STAIRDANCE
  2751 | D:3      | HP: 4/27 [something/puff of flame (6)]
  2752 | D:3      | Reached XP level 5. HP: 4/31 MP: 6/6
  2752 | D:3      | HP: 1/31 [something/puff of flame (4)]
  2752 | D:3      | Killed from afar by an orc wizard

Levels and vault maps discovered:
D:1:      dpeg_arrival_rooms_c, layout_basic, serial_shops, shop
D:2:      layout_loops_corners, shapermc_ecumenical_altar_gd,
          minmay_misc_feat_plants, minmay_misc_feat_doors,
          nicolae_underground_beach
D:3:      layout_basic
D:4:      layout_rooms, lemuel_coloured_pillars_altar,
          nicolae_ashenzari_skybound

Skill      XL: |  1  2  3  4 |
---------------+-------------+-----
Ranged Weapons | 3 4 |  4.5
Fighting       | 2 |  2.3
Dodging        | |  1.5
Spellcasting   | |  1.0
Hexes          | |  2.6

Action                     |  1- 3 |  4- 6 || total
---------------------------+-------+-------++-------
   Fire: Sling             |    87 |   116 ||   203
    Use: Scroll            |     4 |     6 ||    10
         Potion            |       |     2 ||     2
 Armour: Robe              |    11 |     3 ||    14
         Leather armour    |       |    25 ||    25
  Dodge: Dodged            |    25 |    42 ||    67

Table legend:
 A = Non-vault XP
 B = Vault XP
 C = Vault XP percentage of total XP
 D = Non-vault monster count
 E = Vault monster count
 F = Vault count percentage of total count
                 A         B        C        D         E       F
            +---------+---------+-------+---------+---------+-------
      Total |     166 |       0 |   0.0 |      55 |       0 |   0.0
            +---------+---------+-------+---------+---------+-------
        D:1 |      32 |       0 |   0.0 |      16 |       0 |   0.0
        D:2 |      68 |       0 |   0.0 |      20 |       0 |   0.0
        D:3 |      64 |       0 |   0.0 |      18 |       0 |   0.0
        D:4 |       2 |       0 |   0.0 |       1 |       0 |   0.0
            +---------+---------+-------+---------+---------+-------
